 Dungeon Crawl Stone Soup version 0.21-a0-496-g696f58f (webtiles) character file.

37519 tof the Warrior (level 13, -5/133 HPs)
             Began as a Minotaur Berserker on Nov 23, 2017.
             Was a High Priest of Trog.
             Killed by divine providence
             ... invoked by a meliai
              (12 damage)
             ... on level 6 of the Lair of Beasts.
             The game lasted 00:46:40 (20919 turns).

tof the Warrior (Minotaur Berserker)               Turns: 20919, Time: 00:46:40

Health: -5/133     AC: 18    Str: 23    XL:     13   Next: 58%
Magic:  5/5        EV: 17    Int:  4    God:    Trog [*****.]
Gold:   199        SH:  0    Dex: 17    Spells: 12/12 levels left

rFire    + . .     SeeInvis +   V - +12 battleaxe of Igess {antimagic, rPois Dex+3 Stlth+}
rCold    + + .     Gourm    .   (shield currently unavailable)
rNeg     . . .     Faith    .   I - +4 scale mail
rPois    +         Spirit   .   P - +1 hat
rElec    .         Reflect  .   a - scarf {rC+ rF+}
rCorr    .         Harm     .   B - +1 pair of gloves
MR       +....                  n - +0 pair of boots
Stlth    +.........             W - amulet of magic regeneration
HPRegen  0.32/turn              f - +2 ring of dexterity
MPRegen  0.34/turn              T - ring of see invisible

@: very slightly contaminated, slowed, very slow
A: retaliatory headbutt, horns 2, rugged brown scales 1, clumsy 1, cold
resistance 1, magic resistance 1
a: Berserk, Trog's Hand, Brothers in Arms, Burn Spellbooks, Renounce Religion


You were on level 6 of the Lair of Beasts.
You worshipped Trog.
Trog was extremely pleased with you.
You were not hungry.

You visited 2 branches of the dungeon, and saw 18 of its levels.
You also visited: Labyrinth.

You collected 1004 gold pieces.
You spent 805 gold pieces at shops.

Inventory:

Hand Weapons
 J - a +1 hand axe
 V - the +12 battleaxe of Igess (weapon) {antimagic, rPois Dex+3 Stlth+}
   (Trog gifted it to you on level 4 of the Lair of Beasts)

   It reduces the magical energy of the wielder, and disrupts the spells and
   magical abilities of those hit.
   Natural abilities and divine invocations are not affected.
   It affects your dexterity (+3).
   It protects you from poison.
   It makes you more stealthy.
Missiles
 w - 5 javelins (quivered)
 M - a throwing net
Armour
 a - a scarf of resistance (worn)
 n - a +0 pair of boots (worn)
 B - a +1 pair of gloves (worn)
 F - a scarf of repulsion
 I - a +4 scale mail (worn)
 P - a +1 hat (worn)
Jewellery
 f - a +2 ring of dexterity (left hand)
 S - an uncursed ring of flight
 T - a ring of see invisible (right hand)
 W - an amulet of magic regeneration (around neck)
Wands
 d - a wand of enslavement (25)
 x - a wand of flame (73)
 y - a wand of digging (35)
 C - a wand of disintegration (30)
 H - a wand of iceblast (16)
 Q - a wand of paralysis (13)
Scrolls
 b - 7 scrolls of enchant weapon
 g - a scroll of magic mapping
 h - 4 scrolls of fog
 i - 2 scrolls of vulnerability {unknown}
 k - 10 scrolls of teleportation
 u - 9 scrolls of remove curse
 z - 4 scrolls of enchant armour
 A - 5 scrolls of fear
 K - a scroll of brand weapon
 U - a scroll of silence
Potions
 e - 4 potions of degeneration {unknown}
 j - a potion of agility {unknown}
 p - 3 potions of heal wounds {unknown}
 q - 3 potions of invisibility
 r - 5 potions of flight
 s - 2 potions of haste {unknown}
 t - 3 potions of mutation {unknown}
 v - 2 potions of magic {unknown}
 E - 4 potions of curing {unknown}
 R - a potion of resistance
Books
 Y - a book of Callings

   Spells                             Type                      Level
   a - Summon Small Mammal            Summoning                    1
   b - Call Imp                       Summoning                    2
   c - Call Canine Familiar           Summoning                    3
   d - Summon Guardian Golem          Hexes/Summoning              3
   e - Summon Lightning Spire         Summoning/Air                4
   f - Summon Ice Beast               Ice/Summoning                4
   Trog disapproves of the use of such an item.
 Z - a book of Unlife

   Spells                             Type                      Level
   a - Recall                         Summoning/Translocation      3
   b - Animate Dead                   Necromancy                   4
   c - Control Undead                 Necromancy                   4
   d - Cigotuvi's Embrace             Necromancy                   5
   e - Death Channel                  Necromancy                   6
   f - Simulacrum                     Ice/Necromancy               6
   Trog disapproves of the use of such an item.
Miscellaneous
 m - a box of beasts
 O - a phial of floods
Comestibles
 c - 6 bread rations
 l - 9 royal jellies
 o - 5 fruits
 D - 8 meat rations
 G - 9 chunks of flesh


   Skills:
 + Level 16.8 Fighting
 * Level 14.7 Axes
 + Level 10.7 Armour
 + Level 9.9 Dodging
 - Level 7.0 Evocations


You had 12 spell levels left.
You didn't know any spells.

Dungeon Overview and Level Annotations

Branches:
Dungeon (12/15)            Temple (0/1) D:6            Lair (6/6) D:11
 Shoals (0/4) Lair:3        Snake (0/4) Lair:2          Orc (0/2) D:10
  Slime: Lair:5-6

Altars:
Cheibriados
Dithmenos
Fedhas
Gozag
Hepliaklqana
Kikubaaqudgha
Makhleb
Nemelex Xobeh
Okawaru
Ru
Vehumet
Wu Jian
Xom
Yredelemnul

Shops:
D:5 [   D:7 ?   D:8 }   D:10 =

Annotations:
D:10 exclusion: oklob plant
D:12 Nessos
Lair:4 exclusion: oklob plant


Innate Abilities, Weirdness & Mutations

You reflexively headbutt those who attack you in melee.
You have a pair of horns on your head.
You are partially covered in rugged brown scales. (AC +1, +3% HP)
You are clumsy. (Dex -2)
Your flesh is cold resistant. (rC+)
You are resistant to hostile enchantments. (MR+)


Message History

The yak barely misses you. You furiously retaliate!
You headbutt the yak, but do no damage. The yak gores you but does no damage.
The elephant tramples you but does no damage.
The elephant misses you. x2
The elephant trunk-slaps you but does no damage.
Okay, then.
Okay, then.
Blink to where?
Press: ? - help, Dir - move target cursor You are very lightly contaminated with residual magic.
As you read the scroll of blinking, it crumbles to dust. 5 killer bees come into view.
The killer bee buzzes angrily. x3; You hear an angry buzzing noise. x5
The meliai mumbles some strange prayers to its god against you.
Something smites you!
* * * LOW HITPOINT WARNING * * *
The killer bee moves out of view.
The meliai mumbles some strange prayers to its god against you.
Something smites you!
You die...

......†.Y......#
..<...#..$.wyy§DF......
#.. ........SYYY..#....
..yy........F...##.....
.y..........F.## ...#
#.y#........D# ...
#...P......... F.
#.........P... .
#....@.....##.
#..........#
#.......%....
...............
.............#.
....#.......P#
P..PP..........
...PPP.....##..


You could see a four-headed hydra, an elephant, a torpor snail, a yak, 2 blink
frogs, a water moccasin, 2 meliai and 4 killer bees.

Vanquished Creatures
  Gastronok (Lair:2)
  A minotaur (Lab)
  The ghost of tof the Cleaver, a journeyman MiBe of Trog (D:10)
  A hydra (Lair:5)
  Fannar (Lair:1)
  The ghost of kae the Carver, a novice MiFi of Ru (D:9)
  A two-headed ogre (D:10)
  4 death yaks
  Nergalle (Lair:2)
  The ghost of Oozefury the Magician, a novice GnSk of Cheibriados (D:8)
  8 elephants
  Joseph (Lair:1)
  2 black mambas
  6 spiny frogs
  A rime drake (Lair:2)
  5 komodo dragons
  3 trolls
  2 polar bears
  18 blink frogs
  15 hippogriffs
  27 yaks
  4 hogs (D:9)
  A human (D:9)
  A basilisk (Lair:5)
  The ghost of arkorax the Ducker, an amateur DsWn of Uskayaw (D:4)
  A warg (D:10)
  3 vampire mosquitoes (D:10)
  A steam dragon (D:10)
  5 water moccasins
  A soldier ant (D:11)
  5 porcupines
  2 orc warriors
  2 phantoms
  3 ice beasts
  A black bear (Lair:4)
  2 sky beasts
  7 ogres
  3 wolves
  2 centaurs (D:9)
  7 crocodiles
  A big kobold (D:10)
  12 bullfrogs
  A wyvern zombie (D:10)
  2 scorpions
  12 killer bees
  8 wights
  4 electric eels
  4 howler monkeys
  3 jellies (D:6)
  2 bullfrog zombies
  3 crimson imps
  8 hounds
  A centaur zombie (D:8)
  6 orc wizards
  A gnoll shaman (D:7)
  3 orc priests
  3 bullfrog skeletons
  3 iguanas
  10 worker ants
  5 hell rats
  A howler monkey zombie (D:11)
  3 worker ant zombies
  11 adders
  8 gnolls
  9 river rats
  An ooze (D:4)
  An adder zombie (D:5)
  An adder skeleton (D:3)
  A dart slug (D:1)
  4 worms
  7 leopard geckos
  28 orcs
  8 giant cockroaches
  6 goblins
  10 hobgoblins
  8 jackals
  7 quokkas
  3 ball pythons
  9 bats
  9 frilled lizards
  11 kobolds
  A leopard gecko skeleton (D:6)
  26 rats
  3 fungi
  A plant (Lair:4)
422 creatures vanquished.

Vanquished Creatures (others)
  3 fungi
  4 plants (Lair:4)
7 creatures vanquished.

Grand Total: 429 creatures vanquished

Notes
Turn   | Place    | Note
-------+----------+-------------------------------------------
     0 | D:1      | tof the Minotaur Berserker began the quest for the Orb.
     0 | D:1      | Reached XP level 1. HP: 19/19 MP: 0/0
    50 | D:1      | Reached XP level 2. HP: 27/27 MP: 1/1
   268 | D:1      | Reached ** piety under Trog
   427 | D:1      | Reached XP level 3. HP: 33/33 MP: 2/2
   666 | D:2      | Reached skill level 4 in Fighting
  1393 | D:2      | Reached XP level 4. HP: 39/40 MP: 3/3
  1526 | D:2      | Found a sacrificial altar of Ru.
  1538 | D:2      | Reached skill level 5 in Axes
  1827 | D:2      | Found a hazy altar of Hepliaklqana.
  1827 | D:2      | Found a radiant altar of Vehumet.
  1832 | D:2      | Found a basalt altar of Yredelemnul.
  1843 | D:2      | Found a burning altar of Makhleb.
  1843 | D:2      | Found a blossoming altar of Fedhas.
  1990 | D:3      | Reached *** piety under Trog
  2305 | D:3      | Reached XP level 5. HP: 42/47 MP: 4/4
  2368 | D:3      | Found a snail-covered altar of Cheibriados.
  2690 | D:3      | Found an iron altar of Okawaru.
  3002 | D:4      | Noticed arkorax's ghost (amateur DsWn)
  3016 | D:4      | Killed arkorax's ghost
  3016 | D:4      | Reached skill level 1 in Evocations
  3016 | D:4      | Reached XP level 6. HP: 55/55 MP: 5/5
  3184 | D:4      | Reached skill level 5 in Fighting
  3211 | D:4      | Reached **** piety under Trog
  3211 | D:4      | Reached XP level 7. HP: 61/61 MP: 5/7
  3673 | D:5      | Entered Level 5 of the Dungeon
  3675 | D:5      | Found a shimmering altar of Xom.
  3754 | D:5      | Gained mutation: You are clumsy. (Dex -2) [mutagenic meat]
  3755 | D:5      | Gained mutation: You are resistant to hostile enchantments. (MR+) [mutagenic meat]
  3756 | D:5      | Gained mutation: Your body sometimes deteriorates upon taking damage. [mutagenic meat]
  3757 | D:5      | Lost mutation: Your body sometimes deteriorates upon taking damage. [mutagenic meat]
  3758 | D:5      | Gained mutation: You are partially covered in rugged brown scales. (AC +1, +3% HP) [mutagenic meat]
  3759 | D:5      | Gained mutation: Your flesh is cold resistant. (rC+) [mutagenic meat]
  3817 | D:5      | Found an ancient bone altar of Kikubaaqudgha.
  4041 | D:5      | Reached skill level 5 in Armour
  4050 | D:5      | Found Tesunylo's Antique Armour Shop.
  4810 | D:6      | Reached XP level 8. HP: 22/72 MP: 8/8
  5079 | D:6      | Reached skill level 6 in Fighting
  5192 | D:6      | HP: 4/108 [worker ant (3)]
  5193 | D:6      | Reached skill level 5 in Dodging
  5200 | D:6      | HP: 1/72 [poisoned by a worker ant]
  5204 | D:6      | Reached skill level 14 in Fighting
  5204 | D:6      | Reached XP level 9. HP: 2/98 MP: 10/10
  5207 | D:6      | HP: 2/98 [poisoned by a worker ant]
  5212 | D:6      | HP: 2/98 [poisoned by a worker ant]
  6381 | D:6      | Found an ornate altar of the Wu Jian Council.
  6435 | D:6      | Found a staircase to the Ecumenical Temple.
  6571 | D:7      | Found Idout's Magic Scroll Emporium.
  6895 | D:7      | Reached ***** piety under Trog
  7317 | D:7      | Found an opulent altar of Gozag.
  7318 | D:7      | Found a sparkling altar of Nemelex Xobeh.
  7486 | D:7      | Reached skill level 15 in Fighting
  8162 | D:8      | Reached XP level 10. HP: 105/108 MP: 11/11
  8579 | D:8      | Noticed Oozefury's ghost (novice GnSk)
  8612 | D:8      | Killed Oozefury's ghost
  8989 | D:8      | Found Cumergh's Gadget Shop.
  9121 | D:9      | Noticed kae's ghost (novice MiFi)
  9143 | D:9      | Killed kae's ghost
  9750 | D:9      | Reached skill level 10 in Axes
 10109 | D:9      | Received a gift from Trog
 10187 | D:10     | Entered Level 10 of the Dungeon
 10328 | D:10     | Found a sparkling altar of Nemelex Xobeh.
 10328 | D:10     | Noticed an oklob plant
 10500 | D:10     | Reached XP level 11. HP: 115/115 MP: 13/13
 10635 | D:10     | Found a staircase to the Orcish Mines.
 10683 | D:10     | Found Ehogg's Jewellery Emporium.
 10925 | D:10     | Noticed a two-headed ogre
 10932 | D:10     | Killed a two-headed ogre
 11183 | D:10     | Noticed tof's ghost (journeyman MiBe)
 11205 | D:10     | Killed tof's ghost
 11547 | D:11     | Found a shadowy altar of Dithmenos.
 11566 | D:11     | Reached skill level 5 in Evocations
 12078 | D:11     | Found a staircase to the Lair.
 12755 | D:12     | Noticed Nessos
 12896 | Lair:1   | Entered Level 1 of the Lair of Beasts
 13024 | Lair:1   | Noticed Fannar
 13056 | Lair:1   | Killed Fannar
 13056 | Lair:1   | Received a gift from Trog
 13991 | Lair:1   | Noticed Joseph
 14007 | Lair:1   | Killed Joseph
 14007 | Lair:1   | Reached XP level 12. HP: 125/125 MP: 15/15
 14287 | D:7      | Bought a scroll of acquirement for 728 gold pieces
 14287 | D:7      | Bought a scroll of fear for 49 gold pieces
 14287 | D:7      | Bought a scroll of identify for 28 gold pieces
 14440 | Lair:2   | Noticed Gastronok
 14453 | Lair:2   | Killed Gastronok
 14495 | Lair:2   | Found a labyrinth entrance.
 14504 | Lab      | Entered a labyrinth
 14981 | Lab      | Noticed a minotaur
 14992 | Lab      | Killed a minotaur
 14992 | Lab      | Reached skill level 16 in Fighting
 15016 | Lab      | Identified Sif Muna's Catalogue of Orientation and Black Rituals
 15391 | Lair:2   | Noticed Nergalle
 15425 | Lair:2   | Killed Nergalle
 15713 | Lair:2   | Got a pair of jewelled gloves
 15724 | Lair:2   | Identified the cursed +0 pair of gloves "Sotsyz" {+Inv rPois Str-4} (You found it on level 2 of the Lair of Beasts)
 16006 | Lair:2   | Found a staircase to the Snake Pit.
 16526 | Lair:3   | Found a staircase to the Shoals.
 16793 | Lair:3   | Noticed a death yak
 16793 | Lair:3   | Noticed a death yak
 16794 | Lair:3   | Noticed a death yak
 16794 | Lair:3   | Noticed a death yak
 16833 | Lair:2   | Killed a death yak
 16838 | Lair:2   | Killed a death yak
 17098 | Lair:3   | Killed a death yak
 17105 | Lair:3   | Killed a death yak
 17991 | Lair:4   | Reached XP level 13. HP: 56/133 MP: 17/17
 18258 | Lair:4   | Reached skill level 10 in Armour
 18865 | Lair:4   | Received a gift from Trog
 18976 | Lair:4   | Got a crude battleaxe {god gift}
 18983 | Lair:4   | Identified the +12 battleaxe of Igess {antimagic, rPois Dex+3 Stlth+} (Trog gifted it to you on level 4 of the Lair of Beasts)
 20780 | Lair:6   | Entered Level 6 of the Lair of Beasts
 20919 | Lair:6   | Killed from afar by a meliai

Vault maps used:
D:1:      tarquinn_simple_flora_water_e, dk_noncrumbling_3, minmay_quantized
D:2:      nicolae_ru_great_annihilating_truth, minmay_overflow_temple_star_hex
D:3:      cheibriados_altar_1, okawaru_gym_becter, first_bread
D:5:      overflow_temple_1_default, kiku_gazebo_garden_becter,
          gup_sewer_entry_bubbles, serial_shops, shop
D:6:      kennysheep_mini, minmay_temple_entry_nine_rooms, kennysheep_potato
D:7:      lemuel_ratsnest, grunt_temple_overflow_opulence, serial_shops,
          shop_fountains
D:8:      serial_shops, nicolae_shop_statue_plus
D:9:      grunt_livestock
D:10:     david_orc_3, serial_shops, nicolae_shop_stone, lemuel_oklob_altar
D:11:     erik_lair_island, nicolae_dithmenos_the_darkroom
D:12:     nicolae_tso_swordbearing_angel, uniq_kirke, uniq_nessos
Lair:1:   beast_lair_carwin_11, uniq_joseph, uniq_fannar
Lair:2:   dummy_snake_entry, lab_entry_generic, uniq_gastronok, uniq_nergalle
Lair:3:   elwin_shoals_entry_rocks
Lair:4:   guppyfry_lair_drakes, grunt_megastairs_2
Lair:6:   minmay_lair_end_enchanted_forest, minmay_slime_entry_oklob_enclosed,
          special_room, st_stairs_5, serial_bayou_shore_b, lemuel_fruit_tree
Lab:      labyrinth_watery, nicolae_lab_quarters, labyrinth_skeletal_remains

Skill      XL: |  1  2  3  4  5  6  7  8  9 10 11 12 13 |
---------------+----------------------------------------+-----
Axes           | 4 5 6 7 8 10 12 13 14 | 14.7
Fighting       | 4 5 14 15 16 | 16.8
Armour         | 3 4 5 6 7 8 9 10 | 10.7
Dodging        | 3 4 5 6 7 9 |  9.9
Evocations     | 1 2 3 4 5 6 7 |  7.0

Action                   |  1- 3 |  4- 6 |  7- 9 | 10-12 | 13-15 || total
-------------------------+-------+-------+-------+-------+-------++-------
Melee: Hand axe          |    72 |   113 |   288 |   775 |    79 ||  1327
       Headbutt          |    11 |    18 |    72 |   203 |    49 ||   353
       Battleaxe         |       |       |       |       |    82 ||    82
Throw: Javelin           |       |       |     8 |     7 |     8 ||    23
       Tomahawk          |       |       |     1 |       |       ||     1
       Throwing net      |       |       |       |       |     1 ||     1
Invok: Burn Spellbooks   |       |     1 |     1 |     3 |       ||     5
       Berserk           |       |     1 |     5 |    13 |     1 ||    20
       Trog's Hand       |       |     1 |     1 |     9 |       ||    11
       Brothers in Arms  |       |       |       |       |     1 ||     1
  Use: Scroll            |       |       |     7 |    11 |     6 ||    24
       Potion            |       |       |     3 |       |       ||     3
 Stab: Sleeping          |     1 |       |       |       |       ||     1
  Eat: Chunk             |     1 |     4 |    21 |    29 |     6 ||    61
       Bread ration      |       |     1 |     1 |     4 |     1 ||     7
Armor: Animal skin       |     8 |       |       |       |       ||     8
       Ring mail         |    19 |    33 |    93 |    84 |       ||   229
       Scale mail        |       |       |       |   215 |    98 ||   313
Dodge: Dodged            |    46 |    80 |   187 |   450 |   178 ||   941
       Deflected         |       |       |       |     1 |       ||     1
Block: Shield            |       |       |       |   101 |    42 ||   143

Table legend:
 A = Spawn XP
 B = Non-spawn XP
 C = Spawn XP percentage of total XP
 D = Spawn monster count
 E = Non-spawn monster count
 F = Spawn count percentage of total count
 G = Total turns spent on level
                    A         B        C        D         E        F      G
               +---------+---------+-------+---------+---------+-------+---------
         Total |       0 |   51899 |   0.0 |       0 |     418 |   0.0 | 20919
               +---------+---------+-------+---------+---------+-------+---------
           D:1 |       0 |      44 |   0.0 |       0 |      24 |   0.0 |   596
           D:2 |       0 |     104 |   0.0 |       0 |      23 |   0.0 |  1380
           D:3 |       0 |     131 |   0.0 |       0 |      33 |   0.0 |  1026
           D:4 |       0 |     643 |   0.0 |       0 |      19 |   0.0 |   671
           D:5 |       0 |     408 |   0.0 |       0 |      16 |   0.0 |  1128
           D:6 |       0 |     962 |   0.0 |       0 |      25 |   0.0 |  1747
           D:7 |       0 |    1238 |   0.0 |       0 |      50 |   0.0 |  1239
           D:8 |       0 |    1386 |   0.0 |       0 |      13 |   0.0 |  1386
           D:9 |       0 |    3478 |   0.0 |       0 |      31 |   0.0 |  1143
          D:10 |       0 |    4566 |   0.0 |       0 |      37 |   0.0 |  1378
          D:11 |       0 |    2235 |   0.0 |       0 |      25 |   0.0 |  1328
          D:12 |       0 |     127 |   0.0 |       0 |       1 |   0.0 |    63
        Lair:1 |       0 |    5169 |   0.0 |       0 |      20 |   0.0 |  1336
        Lair:2 |       0 |    7176 |   0.0 |       0 |      15 |   0.0 |  1745
        Lair:3 |       0 |    6838 |   0.0 |       0 |      19 |   0.0 |  1165
        Lair:4 |       0 |    5893 |   0.0 |       0 |      24 |   0.0 |  1562
        Lair:5 |       0 |    7388 |   0.0 |       0 |      31 |   0.0 |  1482
        Lair:6 |       0 |    2962 |   0.0 |       0 |      11 |   0.0 |    16
           Lab |       0 |    1151 |   0.0 |       0 |       1 |   0.0 |   528
               +---------+---------+-------+---------+---------+-------+---------
